 Dungeon Crawl Stone Soup version 0.23.1 (webtiles) character file.

Game seed: 368726016248732897

284 Borgoz the Cutter (level 6, 0/45 HPs)
             Began as a Ghoul Enchanter on Mar 14, 2019.
             Slain by Sigmund
             ... wielding a +0 scythe
              (5 damage)
             ... on level 3 of the Dungeon.
             The game lasted 00:06:05 (2917 turns).

Borgoz the Cutter (Ghoul Enchanter)                 Turns: 2917, Time: 00:06:05

Health: 0/45       AC:  8    Str:  9 (12) XL:     6   Next: 29%
Magic:  7/7        EV: 12    Int:  8 (10) God:
Gold:   120        SH:  0    Dex: 10 (11) Spells: 5/8 levels left

rFire    . . .     SeeInvis .   h - +1 short sword
rCold    + . .     Gourm    .   (no shield)
rNeg     + + +     Faith    .   j - +0 ring mail
rPois    ∞         Spirit   .   e - +2 hat
rElec    .         Reflect  .   g - +0 cloak
rCorr    .         Harm     .   (no gloves)
MR       .....                  (no boots)
Stlth    +.........             (no amulet)
HPRegen  0.00/turn              m - +1 ring of evasion
MPRegen  0.10/turn              b - ring of stealth

@: confused, rotting
A: rotting body, claws 1, carnivore, cold resistance 1, negative energy
resistance 3, inhibited regeneration, torment resistance, unbreathing
a: no special abilities


You were on level 3 of the Dungeon.
You were hungry.

You visited 1 branch of the dungeon, and saw 3 of its levels.

You collected 120 gold pieces.

Inventory:

Hand Weapons
 h - a +1 short sword (weapon)
Missiles
 a - 20 poisoned needles
 l - 5 needles of sleeping
 o - 2 throwing nets (quivered)
Armour
 e - a +2 hat (worn)
 g - a +0 cloak (worn)
 i - a +0 scale mail
 j - a +0 ring mail (worn)
Jewellery
 b - a ring of stealth (right claw)
 m - a +1 ring of evasion (left claw)
Wands
 v - a wand of clouds (6)
Scrolls
 c - 2 scrolls of remove curse {unknown}
 f - 3 scrolls of enchant weapon
 k - a scroll of teleportation {unknown}
 r - 2 scrolls of magic mapping
 s - 2 scrolls of identify {unknown}
 u - a scroll of immolation {unknown}
Comestibles
 d - 9 rations


   Skills:
 + Level 0.0 Fighting
 * Level 3.4 Short Blades
 * Level 3.1 Armour
 * Level 3.1 Dodging
 + Level 3.2 Stealth
 + Level 1.7 Spellcasting
 + Level 2.4 Hexes
 + Level 0.0 Evocations


You had 5 spell levels left.
You knew the following spells:

 Your Spells              Type           Power        Failure   Level  Hunger
a - Corona                Hex            #......      34%         1    ##.....
b - Ensorcelled Hibernat  Hex/Ice        #.....       65%         2    ###....

Your spell library contained the following spells:

 Spells                   Type           Power        Failure   Level  Hunger
 Confuse                  Hex            #.......     71%         3    ####...
 Tukima's Dance           Hex            #.......     71%         3    ####...
 Dazzling Spray           Conj/Hex       #.....       87%         3    ####...


Dungeon Overview and Level Annotations

Branches:
Dungeon (3/15)

Altars:
Hepliaklqana
Trog
Zin

Annotations:
D:3 Sigmund


Innate Abilities, Weirdness & Mutations

Your body is rotting away.
You thrive on raw meat.
You are immune to poison.
You have sharp fingernails.
You are carnivorous and can eat meat at any time.
Your flesh is cold resistant. (rC+)
You are immune to negative energy. (rN+++)
You do not regenerate when monsters are visible.
You are immune to unholy pain and torment.
You can survive without breathing.


Message History

As you read the scroll labeled VAMABE EMAINE, it crumbles to dust.
You assume a fearsome visage.
Sigmund looks frightened!
It was a scroll of fear.
Sigmund gestures wildly while chanting.
Sigmund flickers and vanishes!
Deactivating autopickup; reactivate with Ctrl-A.
A gnoll comes into view. It is wielding a +0 flail.
Something hits you!
* * * LOW HITPOINT WARNING * * *
You hear some strange, mumbled words.
You are confused.
You bump into the rock wall.
Unknown command.
You aren't carrying any potions.
You bump into the rock wall.
You hear some strange, mumbled words.
Something tries to affect you, but you resist.
You bump into the rock wall.
Something hits you but does no damage.
You bump into the rock wall.
Something hits you.
You die...

###########################******
)...............@........>.,,,,,,
#.....#############.#####.,,,,,,,
#(....# *###**#.#..##,,,,,,,,
#(....# ***g.(..#.....#,,,,,,,,
......# *,............#,,,,,,,,
......#****,#.###.###.#.#*+*,,,**
......+,,,,,*,,...* #.#.#*,,,,,*
...(..#*******###** #.#)#**,,,,*
#.....# #...# *,,***


There were no monsters in sight!

Vanquished Creatures
  A centaur (D:3)
  Jessica (D:2)
  Terence (D:3)
  Natasha (thrice) (D:2)
  A worker ant (D:2)
  2 adders (D:2)
  An ooze (D:1)
  A dart slug (D:1)
  A worm (D:2)
  An orc (D:3)
  4 bats
  2 giant cockroaches
  3 goblins (D:1)
  6 hobgoblins
  5 kobolds
  2 quokkas (D:3)
  A frilled lizard (D:1)
  2 rats (D:2)
38 creatures vanquished.

Notes
Turn   | Place    | Note
-------+----------+-------------------------------------------
     0 | D:1      | Borgoz the Ghoul Enchanter began the quest for the Orb.
     0 | D:1      | Reached XP level 1. HP: 14/14 MP: 2/2
     2 | D:1      | Noticed a gargoyle
     4 | D:1      | Noticed a ghoul
     4 | D:1      | Noticed an elf
     6 | D:1      | Noticed a dwarf
     8 | D:1      | Noticed a centaur
     8 | D:1      | Noticed a draconian
    10 | D:1      | Noticed a halfling
    10 | D:1      | Noticed an octopode
    12 | D:1      | Noticed a human
    12 | D:1      | Noticed a felid
    14 | D:1      | Noticed a tengu
    14 | D:1      | Noticed a vine stalker
    17 | D:1      | Noticed an ogre
    17 | D:1      | Noticed a merfolk
    19 | D:1      | Noticed a vampire
    21 | D:1      | Noticed a demigod
    21 | D:1      | Noticed a spriggan
    23 | D:1      | Noticed a troll
    25 | D:1      | Noticed a demonspawn
    25 | D:1      | Noticed a formicid
    27 | D:1      | Noticed a minotaur
    27 | D:1      | Noticed a naga
    49 | D:1      | Reached skill level 1 in Short Blades
   461 | D:1      | Reached XP level 2. HP: 16/20 MP: 3/3
   537 | D:1      | Reached skill level 1 in Armour
   795 | D:2      | Reached XP level 3. HP: 13/26 MP: 0/4
   957 | D:2      | Learned a level 2 spell: Ensorcelled Hibernation
  1274 | D:2      | Noticed Natasha
  1286 | D:2      | Killed Natasha
  1286 | D:2      | Reached XP level 4. HP: 25/33 MP: 2/5
  1475 | D:2      | Found a hazy altar of Hepliaklqana.
  1481 | D:2      | Found a glowing silver altar of Zin.
  1481 | D:2      | Found a bloodstained altar of Trog.
  1811 | D:2      | Noticed Jessica
  1820 | D:2      | Killed Jessica
  1820 | D:2      | Reached XP level 5. HP: 35/37 MP: 3/6
  2006 | D:2      | Noticed Natasha
  2036 | D:2      | Killed Natasha
  2065 | D:2      | Noticed Natasha
  2078 | D:2      | Killed Natasha
  2378 | D:3      | Noticed Terence
  2422 | D:3      | Killed Terence
  2832 | D:3      | Noticed a centaur
  2854 | D:3      | Killed a centaur
  2854 | D:3      | Reached XP level 6. HP: 40/45 MP: 1/7
  2878 | D:3      | Noticed Sigmund
  2917 | D:3      | Slain by Sigmund

Skill      XL: |  1  2  3  4  5 |
---------------+----------------+-----
Short Blades   | 1 2 3 |  3.4
Dodging        | 2 3 |  3.1
Armour         | 1 2 3 |  3.1
Stealth        | |  3.2
Spellcasting   | |  1.7
Hexes          | |  2.4

Action                   |  1- 3 |  4- 6 || total
-------------------------+-------+-------++-------
Melee: Dagger            |    25 |       ||    25
       Short sword       |    54 |   155 ||   209
Throw: Throwing net      |       |     3 ||     3
 Cast: Corona            |     1 |       ||     1
       Ensorcelled Hiber |     1 |     8 ||     9
  Use: Scroll            |       |     4 ||     4
       Potion            |       |     4 ||     4
 Stab: Sleeping          |     1 |     7 ||     8
       Held in net/web   |       |     2 ||     2
  Eat: Chunk             |     2 |     5 ||     7
Armor: Robe              |     9 |       ||     9
       Scale mail        |    35 |       ||    35
       Ring mail         |     1 |    39 ||    40
Dodge: Dodged            |    36 |    85 ||   121
